 Dungeon Crawl Stone Soup version 0.31-a0-986-g5e6e4ef867 (webtiles) character file.

Game seed: 12584917597338201163

457 Firecrotchwizard the Sneak (level 7, 0/72 HPs)
             Began as an Octopode Shapeshifter on Nov 18, 2023.
             Slain by a ball python (2 damage)
             ... in a sewer.
             The game lasted 00:18:26 (3510 turns).

Firecrotchwizard the Sneak (Octopode Shapeshifter)  Turns: 3510, Time: 00:18:27

Health: 0/72       AC: 19    Str: 19    XL:     7   Next: 6%
Magic:  7/7        EV: -1    Int: 12    God:
Gold:   116        SH:  0    Dex: 14    Spells: 6/6 levels left

rFire   . . .        h - +1 short sword (speed)
rCold   . . .        (no shield)
rNeg    . . .        (helmet currently unavailable)
rPois   +            (no amulet)
rElec   .            k - ring of resist corrosion
rCorr   +            q - +6 ring of strength
SInv    .            (no ring)
Will    .....        (no ring)
Stlth   +++          (no ring)
HPRegen 0.32/turn    (no ring)
MPRegen 0.10/turn    (no ring)
                     (no ring)

%: no passive effects
@: tree-form, corroded, constricted, very slow
A: stationary, stasis, torment immunity, boosted hp, almost no armour,
(amphibious), 8 rings, (camouflage 1), (gelatinous body 1), (nimble swimmer 1),
(tentacles)
a: no special abilities


You were in a sewer.
You were a tree.
You visited 1 branch of the dungeon, and saw 5 of its levels.
You also visited: Sewer.

You collected 116 gold pieces.

Inventory:

Hand Weapons
 h - a +1 short sword of speed (weapon)
 o - a +0 dagger of distortion
 s - a +4 dagger
Missiles
 w - 3 silver javelins
Jewellery
 f - a ring of fire
 k - a ring of resist corrosion (left branch)
 q - a +6 ring of strength (right branch)
Talismans
 b - a beast talisman
 c - a flux talisman
 z - a blade talisman
Wands
 n - a wand of roots (4)
 r - a wand of flame (28)
Scrolls
 d - a scroll of noise {unknown}
 g - a scroll of immolation {unknown}
 i - a scroll of silence {unknown}
 l - 4 scrolls of identify {unknown}
 m - 3 scrolls of blinking {unknown}
 p - a scroll of amnesia {unknown}
 t - a scroll of poison {unknown}
 y - a scroll of teleportation {unknown}
Potions
 e - a potion of might {unknown}
 j - 2 potions of cancellation {unknown}
 u - 2 potions of curing {unknown}
 v - a potion of brilliance {unknown}
 x - a potion of attraction {unknown}
 A - a potion of invisibility {unknown}
 B - a potion of resistance {unknown}


   Skills:
 + Level 4.0 Fighting
 - Level 2.0 Dodging
 + Level 5.5 Stealth
 - Level 3.2 Unarmed Combat
 + Level 4.7 Shapeshifting


You had 6 spell levels left.
You didn't know any spells.
Your spell library contained the following spells:

 Spells                   Type           Power      Damage    Failure   Level
 Summon Small Mammal      Summ           0%         N/A       32%         1
 Call Canine Familiar     Summ           0%         N/A       69%         3
 Frozen Ramparts          Ice            0%         1d1       69%         3
 Summon Guardian Golem    Hex/Summ       0%         N/A       69%         3
 Tukima's Dance           Hex            0%         N/A       69%         3
 Passage of Golubria      Tloc           0%         N/A       97%         4
 Petrify                  Tmut/Erth      0%         N/A       97%         4
 Metabolic Englaciation   Hex/Ice        0%         N/A       100%        5
 Yara's Violent Unravell  Hex/Tmut       0%         3d3       100%        5


Dungeon Overview and Level Annotations

Branches:
Dungeon (5/15)              Sewer (1/1)
 Temple: D:4-7

Altars:
Nemelex Xobeh
Vehumet

Annotations:
D:3 exclusion: 3 doors, Sigmund
D:4 Dowan, Duvessa, Grinder


Innate Abilities, Weirdness & Mutations

You are a tree.
Your roots penetrate the ground, keeping you stationary.
You cannot be teleported.
You are immune to unholy pain and torment.
Your maximum health is greatly increased.
You cannot wear most types of armour.
((You are amphibious.))
You can wear up to eight rings at the same time.
((Your skin changes colour to match your surroundings (Stealth+).))
((Your rubbery body absorbs attacks. (AC +1, EV +1)))
((You are camouflaged when in or above water. (Stealth+)))
((You have tentacles for arms and can constrict up to eight enemies at once.))


Message History

The adder closely misses you.
Unknown command.
Unknown command.
Your transformation has ended.
You turn into a tree.
Your roots penetrate the ground.
You feel sick. The ball python bites you.
* * * LOW HITPOINT WARNING * * *
The ball python constricts you. The adder bites you but does no damage.
The jelly hits you but does no damage.
Unknown command.
You barely miss the jelly.
The jelly is moderately wounded.
You feel sick.
The ball python bites you but does no damage.
The ball python constricts you. The adder bites you but does no damage.
You hit the jelly.
Your branches burn!
* * * LOW HITPOINT WARNING * * *
The jelly is severely wounded.
You feel sick.
You are no longer poisoned.
The jelly hits you but does no damage.
The ball python bites you but does no damage.
The ball python constricts you. The adder bites you.
* * * LOW HITPOINT WARNING * * *
You hit the jelly.
Your branches burn!
* * * LOW HITPOINT WARNING * * *
The jelly is severely wounded.
The jelly completely misses you.
The ball python bites you but does no damage.
The ball python constricts you.
You hit the jelly.
Your branches burn!
* * * LOW HITPOINT WARNING * * *
The jelly is almost dead.
The adder completely misses you.
You hit the jelly.
You kill the jelly!
The ball python bites you but does no damage.
The ball python constricts you. The adder bites you but does no damage.
Your Fighting skill increases to level 4!
You have reached level 7!
You closely miss the river rat.
The ball python bites you but does no damage.
The ball python constricts you. The adder bites you but does no damage.
The river rat bites you but does no damage.
Unknown command.
You closely miss the adder.
The giant cockroach bites you but does no damage.
The adder bites you but does no damage.
The ball python bites you but does no damage.
The ball python constricts you.
Unknown command.
You closely miss the adder.
The giant cockroach bites you but does no damage.
The river rat bites you but does no damage.
The adder bites you but does no damage.
Unknown command.
You hit the adder.
The adder is moderately wounded.
The ball python bites you but does no damage.
The ball python constricts you.
The giant cockroach bites you but does no damage.
The river rat bites you.
* * * LOW HITPOINT WARNING * * *
You closely miss the adder.
The adder is moderately wounded.
The adder bites you but does no damage.
The ball python bites you but does no damage.
The ball python constricts you.
You hit the adder.
The adder is heavily wounded.
The giant cockroach splashes around in the water.
The adder bites you but does no damage. The river rat bites you.
* * * LOW HITPOINT WARNING * * *
The ball python bites you but does no damage.
The ball python constricts you.
You hit the adder but do no damage.
The adder is heavily wounded.
The giant cockroach bites you but does no damage.
The adder bites you but does no damage.
The ball python bites you but does no damage.
The ball python constricts you.
The river rat bites you but does no damage.
Unknown command.
You miss the adder. Your punch misses the adder.
The adder is heavily wounded.
The adder bites you.
* * * LOW HITPOINT WARNING * * *
The giant cockroach splashes around in the water.
The ball python bites you but does no damage.
The ball python constricts you.
You closely miss the adder.
The adder is heavily wounded.
The river rat bites you but does no damage.
The adder bites you but does no damage.
The giant cockroach bites you but does no damage.
Unknown command.
You hit the adder.
The adder is severely wounded.
The ball python bites you.
You die...

####..#
.~..#...#..#
..~ ...~~.#
##..##.##..#
~~ ~~~~..#
#.~.###~~~#
#######
#.~.~.~.∩##
##~~.~~.##
##~.####
#.~##
#.†S####~~.
##~♣S..~~.#
##Br~....#
#.~.~####
#~~~.#
##!![# !_!#
####


You could see an adder, a river rat, a giant cockroach and a ball python.

Vanquished Creatures
  Edmund (D:4)
  An orc priest (D:3)
  A hound (D:4)
  A jelly (Sewer)
  Crazy Yiuf (D:3)
  An iguana (D:4)
  3 gnolls (D:2)
  4 adders
  A worm (D:5)
  2 dart slugs
  13 orcs
  5 bats
  12 endoplasms
  5 giant cockroaches
  6 goblins
  12 hobgoblins
  7 jackals
  9 kobolds
  2 quokkas (D:3)
  8 ball pythons
  9 frilled lizards
  3 rats
107 creatures vanquished.

Notes
Turn   | Place    | Note
-------+----------+-------------------------------------------
     0 | D:1      | Firecrotchwizard the Octopode Shapeshifter began the quest
                  | for the Orb.
     0 | D:1      | Reached XP level 1. HP: 13/13 MP: 1/1
   178 | D:1      | Reached skill level 1 in Stealth
   178 | D:1      | Reached XP level 2. HP: 9/18 MP: 2/2
   396 | D:1      | Reached XP level 3. HP: 22/23 MP: 3/3
   623 | D:1      | Reached skill level 2 in Stealth
   853 | D:2      | Reached XP level 4. HP: 13/29 MP: 4/4
  1148 | D:2      | Reached skill level 3 in Stealth
  1623 | D:3      | Reached XP level 5. HP: 3/35 MP: 5/5
  1938 | D:3      | Found a radiant altar of Vehumet.
  2002 | D:3      | Noticed Sigmund
  2335 | D:3      | Found a runed translucent door.
  2336 | D:3      | Noticed Crazy Yiuf
  2468 | D:3      | Killed Crazy Yiuf
  2470 | D:3      | Identified the +1 hammer of Epoinoq {spect, Str-4 Int+4
                  | Dex+4}
  2498 | D:4      | Noticed Grinder
  2604 | D:4      | Noticed Duvessa
  2604 | D:4      | Noticed Dowan
  2674 | D:3      | Reached skill level 4 in Stealth
  2840 | D:4      | Found a sparkling altar of Nemelex Xobeh.
  2908 | D:4      | Reached XP level 6. HP: 32/42 MP: 6/6
  3154 | D:4      | Noticed Edmund
  3163 | D:4      | Killed Edmund
  3164 | D:4      | Reached skill level 5 in Stealth
  3320 | D:5      | Entered Level 5 of the Dungeon
  3321 | D:5      | Found a glowing drain.
  3351 | Sewer    | Entered a sewer
  3486 | Sewer    | Found a viscous altar of Jiyva.
  3501 | Sewer    | Reached XP level 7. HP: 10/48 MP: 7/7
  3506 | Sewer    | HP: 3/72 [river rat (4)]
  3510 | Sewer    | Slain by a ball python

Illustrated notes

Levels and vault maps discovered:
D:1:      minmay_arrival_diagonal_passages, layout_loops_cross
D:2:      layout_rooms
D:3:      layout_loops_ring, vehumet_altar_wand_db, kennysheep_vampire_church,
          uniq_crazy_yiuf_cottage, uniq_sigmund
D:4:      layout_rooms, nemelex_xobeh_ov_fountains_minmay, uniq_edmund,
          uniq_duvessa, uniq_grinder
D:5:      layout_cave_pools, marbit_many_paths, minmay_temple_entry_junction,
          cheibrodos_sewer_entry_drain, nicolae_tricolors
Sewer:    sewer_hellmonk_slimy_pipes

Skill      XL: |  1  2  3  4  5  6 |
---------------+-------------------+-----
Stealth        | 1 2 3 4 5 |  5.5
Fighting       | 2 3 4 |  4.0
Shapeshifting  | 4 |  4.7
Dodging        | |  2.0
Unarmed Combat | |  3.2

Action                     |  1- 3 |  4- 6 |  7- 9 || total
---------------------------+-------+-------+-------++-------
  Melee: Unarmed           |    34 |       |       ||    34
         Constrict         |    17 |    40 |       ||    57
         Tentacles         |    10 |    26 |       ||    36
         Dagger            |    27 |       |       ||    27
         Punch             |     1 |     5 |       ||     6
         Short sword       |     9 |   163 |    10 ||   182
    Use: Potion            |       |     1 |       ||     1
   Stab: Sleeping          |     2 |    16 |       ||    18
         Distracted        |       |     2 |       ||     2
 Armour: Skin              |    35 |    67 |    27 ||   129
  Dodge: Dodged            |    28 |    98 |       ||   126

Table legend: (Time is in decaauts)
 A = Elapsed time spent in this place.
 B = Non-inter-level travel time spent in this place.
 C = Inter-level travel time spent in this place.
 D = Time resting spent in this place.
 E = Time spent auto-exploring this place.
 F = Levels seen in this place.
 G = Mean time per level.
                   A        B        C        D        E       F      G
               +--------+--------+--------+--------+--------+-----+--------+
         Total |   3455 |   3316 |    139 |    641 |   1775 |   6 |  575.8 |
       Dungeon |   3311 |   3172 |    139 |    641 |   1737 |   5 |  662.2 |
         Sewer |    144 |    144 |      0 |      0 |     38 |   1 |  144.0 |
               +--------+--------+--------+--------+--------+-----+--------+

Top non-repeatable levels by time:
     D:3: 1318 daAuts
     D:1: 934 daAuts
     D:2: 529 daAuts
     D:4: 499 daAuts
   Sewer: 144 daAuts
     D:5: 29 daAuts
